 Dungeon Crawl Stone Soup version 0.19-b1-4-gd8a0a2a (webtiles) character file.

40 dohliylev the Sneak (level 3, 0/24 HPs)
             Began as a Vampire Enchanter on Oct 30, 2016.
             Slain by a gnoll
             ... wielding a +0 flail
              (11 damage)
             ... on level 2 of the Dungeon.
             The game lasted 00:03:50 (841 turns).

dohliylev the Sneak (Vampire Enchanter)              Turns: 841, Time: 00:03:51

Health: 0/24       AC:  3    Str:  7    XL:     3   Next: 30%
Magic:  3/6        EV: 13    Int: 17    God:
Gold:   55         SH:  0    Dex: 15    Spells: 2 memorised, 3 levels left

rFire  . . .     SeeInvis +     a - +1 dagger
rCold  . . .     Gourm    .     b - +1 robe
rNeg   + . .     Faith    .     (no shield)
rPois  .         Spirit   .     (no helmet)
rElec  .         Reflect  .     (no cloak)
rCorr  .         Harm     .     (no gloves)
MR     .....                    (no boots)
Stlth  +++.......               (no amulet)
                                (no ring)
                                (no ring)

@: no status effects
A: fangs 3, see invisible, unbreathing
a: Bat Form


You were on level 2 of the Dungeon.
You were not thirsty.

You visited 1 branch of the dungeon, and saw 2 of its levels.

You collected 55 gold pieces.

Inventory:

Hand Weapons
 a - a +1 dagger (weapon)
Armour
 b - a +1 robe (worn)
Scrolls
 e - a scroll of teleportation {unknown}
 g - a scroll of blinking {unknown}
 h - 2 scrolls of identify {unknown}
 j - a scroll of fog {unknown}
 k - a scroll of remove curse {unknown}
Potions
 d - 3 potions of blood
 f - 5 potions of curing {unknown}
 i - a potion of lignification {unknown}
Books
 c - a book of Maledictions

   Spells                             Type                      Level
   a - Corona                         Hexes                        1
   b - Ensorcelled Hibernation        Hexes/Ice                    2
   c - Confuse                        Hexes                        3
   d - Tukima's Dance                 Hexes                        3
   e - Dazzling Spray                 Conjuration/Hexes            3


   Skills:
 + Level 0.1 Fighting
 + Level 1.5 Short Blades
 + Level 2.5 Dodging
 + Level 5.2 Stealth
 + Level 2.2 Spellcasting
 + Level 4.8 Hexes
 + Level 0.4 Ice Magic


You had 3 spell levels left.
You knew the following spells:

 Your Spells              Type           Power        Failure   Level  Hunger
a - Corona                Hex            ###....      2%          1    #......
b - Ensorcelled Hibernat  Hex/Ice        ##....       12%         2    ###....


Dungeon Overview and Level Annotations

Branches:
Dungeon (2/15)

Altars:
Ashenzari


Innate Abilities, Weirdness & Mutations

You have razor-sharp teeth.
You have supernaturally acute eyesight. (SInv)
You can survive without breathing.


Message History

A gnoll comes into view. It is wielding a spear.
The hobgoblin shouts!
The gnoll shouts!
You hear a shout!
The goblin shouts!
The hobgoblin hits you.
You hit the hobgoblin but do no damage. The hobgoblin closely misses you.
The gnoll closely misses you. 2 gnolls come into view.
You hit the hobgoblin but do no damage. The hobgoblin closely misses you.
The gnoll moves out of view.
The gnoll barely misses you.
The gnoll moves out of view.
You hit the hobgoblin. You bite the hobgoblin.
You kill the hobgoblin!
The gnoll hits you but does no damage.
Casting: Ensorcelled Hibernation
Confirm with . or Enter, or press ? or * to list all spells.
Aiming: Ensorcelled Hibernation
Press: ? - help, Shift-Dir - straight line, f - gnoll
Aim: a gnoll, wielding a flail (chance to defeat MR: 50%)
The gnoll resists with some effort.
The gnoll hits you with a flail!
You fail to use your ability.
The gnoll hits you with a flail!
You die... .... # .. ##... # #...# #... # #...# #gg

# #...# #†# # #...# #g#
######...######g## .
####.............g..# ...
................@..#......
.###.....................#
.########...######.#.##.##
..## #...# ###.# .. ...#
#...# # # >..# #...# ...#
#...# <.## ##...## ###
##.....##


You could see 2 gnolls and a goblin.

Vanquished Creatures
  An adder (D:2)
  A dart slug (D:2)
  2 leopard geckos
  A giant cockroach (D:2)
  3 goblins
  6 hobgoblins
  2 jackals (D:2)
  2 kobolds (D:2)
  A ball python (D:1)
  2 bats (D:1)
  3 frilled lizards (D:1)
  A rat (D:1)
25 creatures vanquished.

Notes
Turn   | Place    | Note
-------+----------+-------------------------------------------
     0 | D:1      | dohliylev the Vampire Enchanter began the quest for the Orb.
     0 | D:1      | Reached XP level 1. HP: 13/13 MP: 3/3
   214 | D:1      | Reached XP level 2. HP: 15/19 MP: 5/5
   218 | D:1      | Learned a level 2 spell: Ensorcelled Hibernation
   329 | D:1      | Found a shattered altar of Ashenzari.
   724 | D:2      | Reached skill level 5 in Stealth
   724 | D:2      | Reached XP level 3. HP: 22/24 MP: 1/6
   841 | D:2      | Slain by a gnoll

Skill      XL: |  1  2 |
---------------+-------+-----
Stealth        | 5 |  5.2
Fighting       | |  0.1
Short Blades   | |  1.5
Dodging        | |  2.5
Spellcasting   | |  2.2
Hexes          | |  4.8
Ice Magic      | |  0.4

Action                   || total
-------------------------++-------
Melee: Dagger            ||    82
       Bite              ||     9
 Cast: Corona            ||     2
       Ensorcelled Hiber ||    12
 Stab: Sleeping          ||    11
  Eat: Corpse            ||     5
Armor: Robe              ||    20
Dodge: Dodged            ||    51
